 Dungeon Crawl Stone Soup version 0.30-a0-782-ge64f9170bb (webtiles) character file.

Game seed: 14432322012633583127

28377 Bnni the Timeless (level 13, -1/162 HPs)
             Began as a Formicid Venom Mage on Feb 28, 2023.
             Was a High Priest of Cheibriados.
             Slain by a green ugly thing (11 damage)
             ... on level 13 of the Dungeon.
             The game lasted 00:36:09 (15380 turns).

Bnni the Timeless (Formicid Venom Mage)            Turns: 15380, Time: 00:36:09

Health: -1/162     AC: 26    Str: 30    XL:     13   Next: 73%
Magic:  5/22       EV:  2    Int: 27    God:    Cheibriados [*****.]
Gold:   60         SH: 13    Dex: 32    Spells: 8/18 levels left

rFire   . . .      SeeInvis .    x - +6 rapier (protect)
rCold   . . .      Faith    .    u - +0 buckler
rNeg    . . .      Spirit   .    (body armour currently unavailable)
rPois   +          Reflect  +    (helmet unavailable)
rElec   .          Harm     .    (cloak currently unavailable)
rCorr   .          Rampage  .    (gloves currently unavailable)
Will    +....                    (boots currently unavailable)
Stlth   +++                      m - amulet of reflection
HPRegen 0.47/turn                e - +5 ring of evasion
MPRegen 0.18/turn                a - +6 ring of dexterity

@: lethally poisoned (-1 -> -8), tree-form, invisible, very slow
A: stationary, stasis, torment immunity, boosted hp, permanent stasis, dig
shafts and tunnels, (antennae 3), four strong arms
a: Renounce Religion, Bend Time, Temporal Distortion, Slouch, Step From Time


You were on level 13 of the Dungeon.
You worshipped Cheibriados.
Cheibriados was extremely pleased with you.
You were a tree.
You visited 2 branches of the dungeon, and saw 14 of its levels.

You collected 1109 gold pieces.
You spent 1049 gold pieces at shops.

Inventory:

Hand Weapons
 s - the +7 long sword of Execution {drain, rC+}
   (You found it on level 11 of the Dungeon)

   rC:        It protects you from cold.
 x - a +6 rapier of protection (weapon)
 F - the +2 mace "Petydot" {freeze, rC- rCorr Str+3 Int+8}
   (You took it off an orc on level 12 of the Dungeon)

   Str:       It affects your strength (+3).
   Int:       It affects your intelligence (+8).
   rC:        It makes you vulnerable to cold.
   rCorr:     It protects you from acid and corrosion.
 H - a +2 antimagic rapier
 I - a +0 demon trident of draining
Armour
 j - a +0 plate armour (melded)
 p - a +0 pair of boots
 u - a +0 buckler (worn)
 y - a +0 pair of gloves (melded)
 G - the +2 cloak of the Thief (melded) {*Fog Slay-2 SInv Stlth+}
   (You found it on level 11 of the Dungeon)

   *Fog:      It may release a thick cloud of smoke when the wearer is hurt.
   Slay:      It affects your accuracy & damage with ranged weapons and melee
   (-2).
   SInv:      It lets you see invisible.
   Stlth:     It makes you more stealthy.
 J - the +3 pair of mountain boots (melded) {steadfast, rC+}
   (You bought it in a shop on level 6 of the Dungeon)

   Steadfast: It prevents involuntary movement, except for blinking,
   teleportation, or banishment.
   rC:        It protects you from cold.
Jewellery
 a - a +6 ring of dexterity (right branch)
 e - a +5 ring of evasion (left branch)
 m - an amulet of reflection (around neck)
Wands
 c - a wand of flame (22)
 g - a wand of mindburst (1)
 o - a wand of digging (8)
 w - a wand of roots (19)
 B - a wand of polymorph (6)
 L - a wand of quicksilver (4)
Scrolls
 d - 2 scrolls of amnesia
 f - 2 scrolls of fog
 h - a scroll of silence
 i - 6 scrolls of teleportation {unknown}
 k - 2 scrolls of enchant weapon
 l - 3 scrolls of immolation
 n - 4 scrolls of enchant armour
 A - 3 scrolls of fear
 C - a scroll of magic mapping {unknown}
 K - a scroll of brand weapon {unknown}
Potions
 b - a potion of magic
 r - 2 potions of mutation
 t - 3 potions of resistance
 v - 2 potions of brilliance
 z - 2 potions of attraction
Miscellaneous
 E - a phial of floods


   Skills:
 + Level 12.1 Fighting
 + Level 11.6 Armour
 - Level 1.7 Dodging
 - Level 2.4 Stealth
 + Level 6.5 Shields
 - Level 3.0 Spellcasting
 - Level 1.1 Transmutations
 + Level 5.6 Air Magic
 - Level 12.0 Poison Magic
 - Level 13.0 Invocations


You had 8 spell levels left.
You knew the following spells:

 Your Spells              Type           Power      Damage    Failure   Level
a - Sting                 Tmut/Pois      100%       1d8       1%          1
b - Poisonous Vapours     Pois/Air       100%       N/A       1%          2
c - Mephitic Cloud        Conj/Pois/Air  35%        N/A       2%          3
d - Olgreb's Toxic Radia  Pois           62%        N/A       1%          4

Your spell library contained the following spells:

 Spells                   Type           Power      Damage    Failure   Level
 Cigotuvi's Dreadful Rot  Necr/Pois/Air  70%        N/A       1%          2
 Necrotise                Necr           16%        1d4       11%         1
 Scorch                   Fire           8%         2d5       16%         2
 Vampiric Draining        Necr           4%         2d6       30%         3
 Flame Wave               Conj/Fire      4%         2d5       71%         4
 Agony                    Necr           4%         N/A       96%         5
 Summon Forest            Summ/Tloc      2%         N/A       96%         5
 Summon Cactus Giant      Summ           2%         N/A       100%        6
 Haunt                    Necr/Summ      2%         N/A       100%        7
 Monstrous Menagerie      Summ           2%         N/A       100%        7
 Summon Horrible Things   Summ           2%         N/A       100%        8


Dungeon Overview and Level Annotations

Branches:
Dungeon (13/15)            Temple (1/1) D:4            Lair (0/5) D:8
    Orc (0/2) D:12
 Vaults: D:13-14

Altars:
Ashenzari
Cheibriados
Dithmenos
Elyvilon
Fedhas
Gozag
Hepliaklqana
Kikubaaqudgha
Makhleb
Nemelex Xobeh
Okawaru
Qazlal
Ru
Trog
Uskayaw
Vehumet
Wu Jian
Xom
Yredelemnul
Zin
The Shining One

Shops:
D:2 [   D:6 **

Annotations:
D:13 4 runed translucent doors


Innate Abilities, Weirdness & Mutations

You are a tree.
Your roots penetrate the ground, keeping you stationary.
You cannot be teleported.
You are immune to unholy pain and torment.
Your maximum health is greatly increased.
Your equipment is partially melded.
You cannot be hasted, slowed, berserked, paralysed or teleported.
You can dig through walls and to a lower floor.
((You have a pair of large antennae on your head. (SInv)))
Your four strong arms can wield two-handed weapons with a shield.


Message History

You catch the helpless green ugly thing completely off-guard!
You puncture the green ugly thing!
The green ugly thing is almost dead.
The green ugly thing gores you.
* * * LOW HITPOINT WARNING * * *
You are lethally poisoned!
The green ugly thing poisons you!
Okay, then.
Okay, then.
Okay, then.
Okay, then.
Aiming: Mindburst
Press: ? - help, Shift-Dir - straight line, f - green ugly thing
Aim: a green ugly thing (blue smoke, almost dead, unable to see you, chance to affect: 47%)
The green ugly thing resists with some effort.
* * * LOW HITPOINT WARNING * * *
You feel very sick. The green ugly thing barely misses you.
Aiming: Mindburst
Press: ? - help, Shift-Dir - straight line, f/p - green ugly thing
Aim: a green ugly thing (blue smoke, almost dead, unable to see you, chance to affect: 47%)
The green ugly thing resists with some effort.
* * * LOW HITPOINT WARNING * * *
You feel very sick.
The green ugly thing completely misses you.
Aiming: Mindburst
Press: ? - help, Shift-Dir - straight line, f/p - green ugly thing
Aim: a green ugly thing (blue smoke, almost dead, unable to see you, chance to affect: 47%)
The green ugly thing resists with some effort.
* * * LOW HITPOINT WARNING * * *
You feel sick.
You block the green ugly thing's attack.
Really quaff the potion of lignification?
You turn into a tree.
The +2 cloak of the Thief {*Fog Slay-2 SInv Stlth+} melds into your body.
Your +0 pair of gloves melds into your body.
The +3 pair of mountain boots {steadfast, rC+} melds into your body.
Your +0 plate armour melds into your body.
Your roots penetrate the ground.
You feel sick. The green ugly thing gores you!
You die...

...#####################
#))...u♣§§..............
#.################.#####
☼ ##.......##
##.........#
###...........
##............ {
##............
##............
##............


You could see a green ugly thing (unable to see you).

Vanquished Creatures
  Harold (D:9)
  2 hydras
  A catoblepas (D:11)
  A centaur warrior (D:11)
  The ghost of Lessuoch the Destroyer, a journeyman DsCj of Gozag (D:11)
  2 two-headed ogres (D:12)
  A tengu warrior (D:13)
  Lodul (D:10)
  A deep troll (D:11)
  2 deep elf pyromancers
  Pikel (D:6)
  A wolf spider zombie (D:7)
  The ghost of paps the Slasher, a novice DsGl of Gozag (D:6)
  3 ugly things
  A manticore (D:11)
  2 cyclopes (D:11)
  Joseph (D:10)
  A centaur zombie (D:7)
  An elephant (D:8)
  A gargoyle (D:12)
  A centaur skeleton (D:7)
  2 unseen horrors
  A freezing wraith (D:12)
  A redback zombie (D:7)
  A tengu conjurer (D:13)
  5 trolls
  2 hellwings (D:7)
  A merfolk (shapeshifter) (D:11)
  A hornet (D:9)
  6 slime creatures
  Sigmund (D:4)
  10 yaks
  A shadow (D:9)
  3 wyverns (D:9)
  A basilisk (D:8)
  4 wraiths
  A steam dragon (D:9)
  Eustachio (D:4)
  10 vampire mosquitoes
  5 acid dragons
  Duvessa (D:6)
  2 hornet zombies (D:7)
  2 water moccasins
  3 sky beasts
  2 black bears
  An ice beast (D:7)
  5 orc warriors
  9 ogres (D:10)
  12 centaurs
  3 kobold brigands
  3 bullfrogs
  A necrophage (D:4)
  2 gnoll sergeants
  8 wights
  Dowan (D:6)
  21 killer bees
  8 electric eels (D:7)
  8 howler monkeys
  4 quasits (D:6)
  6 hounds
  5 jellies
  An orc priest (D:12)
  An iguana (D:4)
  5 orc wizards
  Terence (D:3)
  A boggart skeleton (D:7)
  Robin (D:2)
  15 gnolls
  6 adders
  4 shadow imps
  An ufetubus (D:6)
  3 worms
  2 dart slugs
  32 orcs
  6 ball pythons
  5 endoplasms
  5 giant cockroaches
  18 goblins
  11 hobgoblins
  3 quokkas
  2 bats
  3 frilled lizards
  18 kobolds
  10 rats
345 creatures vanquished.

Vanquished Creatures (others)
  A kobold (D:6)
  2 fungi (D:8)
  43 plants
  7 withered plants (D:7)
53 creatures vanquished.

Grand Total: 398 creatures vanquished

Notes
Turn   | Place    | Note
-------+----------+-------------------------------------------
     0 | D:1      | Bnni the Formicid Venom Mage began the quest for the Orb.
     0 | D:1      | Reached XP level 1. HP: 13/13 MP: 3/3
   256 | D:1      | Reached XP level 2. HP: 20/20 MP: 0/5
   447 | D:1      | Learned a level 2 spell: Poisonous Vapours
   602 | D:1      | Reached skill level 1 in Fighting
   705 | D:1      | Reached XP level 3. HP: 26/26 MP: 6/6
   784 | D:1      | Found a faded altar of an unknown god.
  1216 | D:1      | Reached skill level 5 in Poison Magic
  1739 | D:2      | Reached XP level 4. HP: 19/32 MP: 1/8
  1824 | D:2      | Learned a level 4 spell: Olgreb's Toxic Radiance
  1829 | D:2      | Noticed Robin
  1837 | D:2      | Killed Robin
  2024 | D:2      | Found Xasus's Armour Boutique.
  2437 | D:3      | Noticed Terence
  2450 | D:3      | Killed Terence
  2451 | D:3      | Reached XP level 5. HP: 26/38 MP: 1/9
  2619 | D:3      | Learned a level 3 spell: Mephitic Cloud
  3207 | D:4      | Reached XP level 6. HP: 46/46 MP: 3/10
  3398 | D:4      | Noticed Eustachio
  3420 | D:4      | Killed Eustachio
  3421 | D:4      | Reached XP level 7. HP: 21/53 MP: 2/11
  3555 | D:4      | Found a staircase to the Ecumenical Temple.
  3597 | Temple   | Entered the Ecumenical Temple
  3931 | Temple   | Became a worshipper of Cheibriados the Contemplative
  3992 | D:4      | Reached skill level 1 in Armour
  4305 | D:4      | Noticed Sigmund
  4321 | D:4      | Killed Sigmund
  4322 | D:4      | Reached XP level 8. HP: 28/61 MP: 3/12
  4698 | D:5      | Entered Level 5 of the Dungeon
  4972 | D:5      | Reached skill level 5 in Fighting
  5144 | D:5      | Reached skill level 10 in Poison Magic
  5454 | D:6      | Noticed Pikel
  5467 | D:6      | Killed Pikel
  5468 | D:6      | Reached XP level 9. HP: 44/69 MP: 3/13
  5479 | D:6      | Reached * piety under Cheibriados
  5707 | D:6      | Noticed Dowan
  5709 | D:6      | Noticed Duvessa
  5716 | D:6      | Killed Dowan
  5717 | D:6      | Killed Duvessa
  5954 | D:6      | Reached skill level 5 in Armour
  6057 | D:2      | Bought a +0 buckler for 49 gold pieces
  6165 | D:6      | Found Nihaj's General Store.
  6277 | D:6      | Found a transporter.
  6281 | D:6      | Noticed paps's ghost (novice DsGl)
  6376 | D:6      | Found a transporter.
  6428 | D:6      | Found Nirrob's Assorted Antiques.
  6439 | D:6      | Bought a scroll labelled VUOBBE HATEU for 29 gold pieces
  6682 | D:6      | Reached skill level 1 in Shields
  6715 | D:6      | HP: 2/71 [paps's ghost (7)]
  6716 | D:6      | Killed paps's ghost
  6717 | D:6      | Reached skill level 1 in Air Magic
  6717 | D:6      | Reached XP level 10. HP: 2/79 MP: 11/14
  7005 | D:7      | Reached skill level 1 in Invocations
  7212 | D:7      | Reached ** piety under Cheibriados
  7293 | D:7      | Reached skill level 2 in Invocations
  7347 | D:7      | Reached skill level 3 in Invocations
  7562 | D:7      | Found a sparkling altar of Nemelex Xobeh.
  7664 | D:7      | Found an iron altar of Okawaru.
  7771 | D:7      | You fall into a shaft and drop 3 floors!
  7771 | D:10     | Entered Level 10 of the Dungeon
  8044 | D:10     | Reached skill level 4 in Invocations
  8113 | D:10     | Noticed Lodul
  8122 | D:10     | Killed Lodul
  8123 | D:10     | Reached skill level 5 in Shields
  8123 | D:10     | Reached skill level 5 in Invocations
  8337 | D:9      | Reached XP level 11. HP: 86/86 MP: 15/15
  8347 | D:9      | Reached skill level 6 in Invocations
  8372 | D:9      | Reached *** piety under Cheibriados
  8455 | D:9      | Noticed Harold
  8465 | D:9      | Killed Harold
  8466 | D:9      | Reached skill level 7 in Invocations
  9029 | D:7      | Reached **** piety under Cheibriados
  9030 | D:7      | Reached skill level 8 in Invocations
 10170 | D:8      | Noticed an elephant
 10183 | D:8      | Killed an elephant
 10243 | D:8      | Found a staircase to the Lair.
 10315 | D:8      | Reached skill level 9 in Invocations
 10452 | D:9      | Noticed a five-headed hydra
 10452 | D:9      | Noticed a cyan ugly thing
 10465 | D:9      | Killed a five-headed hydra
 10472 | D:9      | Reached XP level 12. HP: 30/96 MP: 6/19
 10642 | D:9      | Reached skill level 5 in Air Magic
 10704 | D:9      | Found a hide-covered altar of Uskayaw.
 10962 | D:9      | Reached skill level 10 in Invocations
 11454 | D:10     | Noticed Joseph
 11464 | D:10     | Killed Joseph
 11465 | D:10     | Reached skill level 10 in Fighting
 11465 | D:10     | Reached ***** piety under Cheibriados
 11944 | D:11     | Found a runed translucent door.
 11944 | D:11     | Noticed Lessuoch's ghost (journeyman DsCj)
 12073 | D:11     | Reached skill level 11 in Invocations
 12233 | D:11     | Identified the +7 long sword of Execution {drain, rC+}
 12534 | D:11     | Noticed a catoblepas
 12534 | D:11     | Found the +2 cloak of the Thief {*Fog Slay-2 SInv Stlth+}
 12535 | D:11     | Noticed a deep troll
 12535 | D:11     | Noticed a centaur warrior
 12537 | D:11     | Found a runed translucent door.
 12590 | D:11     | Noticed a death drake
 12933 | D:11     | Killed Lessuoch's ghost
 12986 | D:11     | Killed a centaur warrior
 12987 | D:11     | Reached skill level 10 in Armour
 12988 | D:11     | Reached skill level 12 in Invocations
 12993 | D:11     | Killed a deep troll
 12994 | D:11     | Reached XP level 13. HP: 63/105 MP: 5/22
 13022 | D:11     | Killed a catoblepas
 13030 | D:11     | Got the Parchment of Sidekicks and Infection
 13038 | D:11     | Got Sif Muna's Compendium of the Called Assassin
 13401 | D:12     | Identified the +0 sling of Quantum Leap {elec, rC+}
 13451 | D:12     | Reached skill level 13 in Invocations
 13870 | D:12     | Identified the +2 mace "Petydot" {freeze, rC- rCorr Str+3
                  | Int+8}
 13989 | D:12     | Found a staircase to the Orcish Mines.
 14413 | D:6      | Bought the +3 pair of mountain boots {steadfast, rC+} for
                  | 971 gold pieces
 14413 | D:6      | Found the +3 pair of mountain boots {steadfast, rC+}
 15246 | D:13     | Reached ****** piety under Cheibriados
 15321 | D:13     | Found a large runed translucent door.
 15323 | D:13     | Found a large runed translucent door.
 15325 | D:13     | Found a large runed translucent door.
 15326 | D:13     | Found a large runed translucent door.
 15327 | D:13     | Noticed a fire giant
 15350 | D:13     | Noticed an eight-headed hydra
 15372 | D:13     | Killed an eight-headed hydra
 15380 | D:13     | Slain by a green ugly thing

Illustrated notes

Levels and vault maps discovered:
D:1:      dpeg_arrival_morbid_curiosity, layout_basic,
          shapermc_ecumenical_altar_petra
D:2:      layout_basic, serial_shops, nicolae_shop_statue_plus,
          chequers_serial_rivers_micro_e, uniq_robin
D:3:      layout_rooms, kennysheep_pointless_box, nicolae_half_adder,
          uniq_terence
D:4:      layout_basic, minmay_temple_entry_grid, uniq_eustachio, uniq_sigmund
D:5:      layout_rooms, water_maze_lemuel
D:6:      layout_cave_pools, gammafunk_ghost_stat_death, serial_shops,
          nicolae_lakefront_shop, nicolae_take_the_stairs,
          kennysheep_minor_cross, uniq_duvessa, uniq_pikel
D:7:      cheibrodos_grave_circle, layout_basic, mainiacjoe_overflow_two_lobes,
          serial_bayou, serial_bayou_shore_a, serial_bayou_pond_d,
          serial_bayou_lagoon_a, serial_bayou_lake_a, serial_bayou_pond_c
D:8:      layout_rooms, david_lair_generic
D:9:      layout_roguey, grunt_ministairs_14, minmay_ruined_shrine, uniq_harold
D:10:     layout_rooms, serial_bayou_pond_a, uniq_lodul, uniq_joseph
D:11:     layout_gridville, gammafunk_ghost_grave, minmay_st_funbox
D:12:     layout_basic, david_orc_2
D:13:     minmay_five_octagons, layout_rooms, serial_corexii_hall,
          chequers_hall_statues_wall_a, chequers_hall_statues_wall_a,
          serial_bayou_ford_a, nicolae_tso_carved_into_rock
Temple:   mainiacjoe_temple_cubbyholes

Skill      XL: |  1  2  3  4  5  6  7  8  9 10 11 12 13 |
---------------+----------------------------------------+-----
Fighting       | 1 2 3 4 5 7 8 9 10 12 | 12.1
Poison Magic   | 5 6 8 9 11 12 | 12.0
Spellcasting   | 3 |  3.0
Armour         | 2 4 6 7 8 10 11 | 11.6
Shields        | 2 5 6 |  6.5
Air Magic      | 1 3 4 5 |  5.6
Invocations    | 5 9 12 13 | 13.0
Dodging        | |  1.7
Stealth        | |  2.4
Transmutations | |  1.1

Action                     |  1- 3 |  4- 6 |  7- 9 | 10-12 | 13-15 || total
---------------------------+-------+-------+-------+-------+-------++-------
  Melee: Unarmed           |     2 |       |       |       |       ||     2
         Punch             |     1 |       |     5 |       |       ||     6
         Mace              |    60 |    55 |       |       |       ||   115
         Short sword       |       |    50 |   136 |       |       ||   186
         Rapier            |       |       |    44 |   462 |   227 ||   733
         Long sword        |       |       |       |       |    15 ||    15
  Throw: Dart              |       |       |       |     1 |       ||     1
         Throwing net      |       |       |       |     1 |       ||     1
   Cast: Sting             |    25 |     3 |       |       |     1 ||    29
         Poisonous Vapours |    11 |    21 |    25 |    26 |    15 ||    98
         Olgreb's Toxic Ra |       |     4 |    10 |    37 |    13 ||    64
         Mephitic Cloud    |       |       |     1 |     1 |       ||     2
 Invoke: Bend Time         |       |       |     1 |     3 |     2 ||     6
         Slouch            |       |       |       |     2 |     2 ||     4
Ability: Shaft Self        |       |       |       |     1 |       ||     1
         Dig               |       |       |       |     3 |       ||     3
  Evoke: Wand              |       |     3 |     1 |    28 |    10 ||    42
    Use: Potion            |       |     2 |     2 |       |     2 ||     6
         Scroll            |       |       |     5 |     8 |     4 ||    17
   Stab: Sleeping          |     5 |     2 |       |     2 |       ||     9
         Confused          |       |       |       |     2 |       ||     2
         Petrified         |       |       |       |     1 |     4 ||     5
         Petrifying        |       |       |       |     1 |       ||     1
         Invisible         |       |       |       |       |     1 ||     1
 Armour: Robe              |    17 |    15 |       |       |       ||    32
         Leather armour    |       |       |    61 |    23 |       ||    84
         Chain mail        |       |       |       |   136 |       ||   136
         Plate armour      |       |       |       |    86 |   172 ||   258
  Dodge: Dodged            |    61 |    99 |   200 |   320 |   241 ||   921
  Block: Other             |       |     7 |    33 |       |       ||    40
         Buckler           |       |       |    55 |   372 |   260 ||   687
         Reflection        |       |       |     1 |     8 |     9 ||    18

Table legend: (Time is in decaauts)
 A = Elapsed time spent in this place.
 B = Non-inter-level travel time spent in this place.
 C = Inter-level travel time spent in this place.
 D = Time resting spent in this place.
 E = Time spent auto-exploring this place.
 F = Levels seen in this place.
 G = Mean time per level.
                   A        B        C        D        E       F      G
               +--------+--------+--------+--------+--------+-----+--------+
         Total |  19414 |  17898 |   1516 |   2183 |  12476 |  14 | 1386.7 |
       Dungeon |  19025 |  17573 |   1452 |   2183 |  12159 |  13 | 1463.5 |
        Temple |    389 |    326 |     63 |      0 |    317 |   1 |  389.0 |
               +--------+--------+--------+--------+--------+-----+--------+

Top non-repeatable levels by time:
     D:7: 2665 daAuts
    D:12: 2348 daAuts
    D:11: 1972 daAuts
    D:10: 1713 daAuts
     D:9: 1703 daAuts
     D:1: 1382 daAuts
     D:6: 1378 daAuts
     D:4: 1325 daAuts
     D:2: 1286 daAuts
     D:5: 1265 daAuts
     D:8: 794 daAuts
     D:3: 689 daAuts
    D:13: 500 daAuts
  Temple: 389 daAuts
